 Dungeon Sprint DCSS version 0.22.1-2-g9c5b331383 (webtiles) character file.

6043 Morrissey the Severer (level 10, -10/94 HPs)
             Began as a Minotaur Gladiator on Nov 18, 2018.
             Was the Champion of Makhleb.
             Hit by a tomahawk thrown by an orc warrior (12 damage)
             ... led by an orc knight
             ... in the Dungeon (Sprint VII: "The Pits").
             The game lasted 00:05:17 (1004 turns).

Morrissey the Severer (Minotaur Gladiator)          Turns: 1004, Time: 00:05:17

Health: -10/94     AC: 17    Str: 20    XL:     10   Next: 57%
Magic:  18/18      EV: 17    Int:  5    God:    Makhleb [******]
Gold:   0          SH:  0    Dex: 14    Spells: 9/9 levels left

rFire    + . .     SeeInvis .   a - +4 broad axe (elec)
rCold    . . .     Gourm    .   (no shield)
rNeg     . . .     Faith    .   q - +3 plate armour {rF+}
rPois    .         Spirit   .   c - +0 hat
rElec    .         Reflect  .   (no cloak)
rCorr    .         Harm     .   (no gloves)
MR       .....     NoTele   +   (no boots)
Stlth    ..........             (no amulet)
HPRegen  0.25/turn              t - +3 ring of evasion
MPRegen  0.16/turn              u - +3 ring of evasion

@: no status effects
A: retaliatory headbutt, horns 2
a: Minor Destruction, Lesser Servant of Makhleb, Major Destruction, Greater
Servant of Makhleb, Renounce Religion


You were in the Dungeon.
You worshipped Makhleb.
Makhleb was exalted by your worship.
You were not hungry.

You visited 1 branch

Inventory:

Hand Weapons
 a - a +4 broad axe of electrocution (weapon)
 b - a +0 war axe
 y - a +2 hand axe of freezing
 z - a +2 war axe of chopping
Missiles
 d - 2 throwing nets (quivered)
Armour
 c - a +0 hat (worn)
 q - a +3 plate armour of fire resistance (worn)
Jewellery
 t - a +3 ring of evasion (left hand)
 u - a +3 ring of evasion (right hand)
Wands
 r - a wand of random effects (19)
 s - a wand of polymorph (5)
Scrolls
 k - a scroll of blinking
 m - 3 scrolls of remove curse
 n - 5 scrolls of amnesia
 o - a scroll of summoning
Potions
 e - 7 potions of curing
 g - 5 potions of heal wounds
 h - a potion of haste
 i - 4 potions of magic
 j - 4 potions of berserk rage
 l - 2 potions of invisibility
 v - a potion of brilliance
 w - a potion of resistance
 x - a potion of agility
Comestibles
 f - 9 rations
 p - 11 chunks of flesh


   Skills:
 + Level 10.4 Fighting
 - Level 18.0 Axes
 - Level 2.0 Throwing
 + Level 10.8 Armour
 + Level 10.6 Dodging
 + Level 12.5 Invocations


You had 9 spell levels left.
You didn't know any spells.
Your spell library was empty.

Dungeon Overview and Level Annotations

Branches:
Dungeon (1/1)

Altars:
Ashenzari
Cheibriados
Dithmenos
Elyvilon
Fedhas
Gozag
Hepliaklqana
Kikubaaqudgha
Makhleb
Nemelex Xobeh
Okawaru
Qazlal
Ru
Sif Muna
Trog
Uskayaw
Vehumet
Wu Jian
Xom
Yredelemnul
Zin
The Shining One
Beogh
Jiyva
Lugonu


Innate Abilities, Weirdness & Mutations

You reflexively headbutt those who attack you in melee.
You have a pair of horns on your head.


Message History

Makhleb accepts your kill.
You see here a soldier ant corpse.
You see here a soldier ant corpse.
You start resting.
An orc knight comes into view. It is wielding a great sword.
The orc knight shouts!
There is an open gate, spattered with blood here.
The orc knight unwields an uncursed great sword.
The orc knight wields an arbalest.
The orc knight shoots a bolt.
The bolt hits you!!
* * * LOW HITPOINT WARNING * * *
You see here a bolt.
An orc warrior comes into view. It is wielding a flail of protection.
You see here a necrophage skeleton.
The orc knight shoots a bolt.
The bolt hits you!!
* * * LOW HITPOINT WARNING * * *
The orc warrior throws a tomahawk.
The tomahawk closely misses you.
You see here a bolt.
The orc warrior throws a tomahawk.
The tomahawk hits you!
You die...

#................#
####'#####''######
#.......##''################
#.......##..#..............##
#.......##..##.......)......#
#...<...##.)####...#)######..
#.......##†)#..#####.##...# §
#.......##.†#(...##...#...# .#
#.......##..'..(@o#...#...#...#
##########..'(÷...'...'...'...+
##########..'.....#o..#...#...#
...#..[[##..#....##...#...# ..#
...#..[[##..#..#####.##...# #
...'...)##..####...#o######.T
...#..))##..##.....o.)..o...#
...#..))##..#......†.......##
############################


You could see an orc knight and an orc warrior.

Vanquished Creatures
  A two-headed ogre (D)
  A phantasmal warrior (D)
  A manticore (D)
  An orange demon (D)
  An efreet (D)
  A red devil (D)
  A hellwing (D)
  A jumping spider (D)
  A troll (D)
  A hornet (D)
  A bog body (D)
  2 hippogriffs (D)
  A flying skull (D)
  A tarantella (D)
  5 yaks (D)
  A fire bat (D)
  An acid dragon (D)
  2 soldier ants (D)
  An orc warrior (D)
  4 necrophages (D)
  An ogre (D)
  A phantom (D)
  An earth elemental (D)
  A crimson imp (D)
  A quasit (D)
  A hound (D)
  A jelly (D)
  An iron imp (D)
  Ijyb (D)
  A hell rat (D)
  An orc wizard (D)
  Terence (D)
  A mummy (D)
  An adder (D)
  An adder zombie (D)
  A leopard gecko (D)
  2 orcs (D)
  A ball python (D)
  3 bats (D)
  A giant cockroach (D)
  A frilled lizard (D)
  A giant cockroach zombie (D)
  2 kobolds (D)
56 creatures vanquished.

Notes
Turn   | Place    | Note
-------+----------+-------------------------------------------
     0 | D        | Morrissey the Minotaur Gladiator began the quest for the
                  | Orb.
     0 | D        | Reached XP level 1. HP: 18/18 MP: 0/0
    11 | D        | Reached skill level 4 in Axes
    11 | D        | Reached skill level 1 in Armour
    38 | D        | Found a glowing golden altar of the Shining One.
    38 | D        | Found a glowing silver altar of Zin.
    38 | D        | Found a basalt altar of Yredelemnul.
    38 | D        | Found a shimmering altar of Xom.
    38 | D        | Found an ornate altar of the Wu Jian Council.
    38 | D        | Found a bloodstained altar of Trog.
    38 | D        | Found a deep blue altar of Sif Muna.
    38 | D        | Found a sacrificial altar of Ru.
    38 | D        | Found a stormy altar of Qazlal.
    38 | D        | Found an iron altar of Okawaru.
    38 | D        | Found a sparkling altar of Nemelex Xobeh.
    38 | D        | Found a burning altar of Makhleb.
    38 | D        | Found a viscous altar of Jiyva.
    38 | D        | Found a hazy altar of Hepliaklqana.
    38 | D        | Found an opulent altar of Gozag.
    38 | D        | Found a blossoming altar of Fedhas.
    38 | D        | Found a white marble altar of Elyvilon.
    38 | D        | Found a shadowy altar of Dithmenos.
    38 | D        | Found a snail-covered altar of Cheibriados.
    39 | D        | Found a radiant altar of Vehumet.
    39 | D        | Found a corrupted altar of Lugonu.
    39 | D        | Found a roughly hewn altar of Beogh.
    40 | D        | Found an ancient bone altar of Kikubaaqudgha.
    40 | D        | Found a hide-covered altar of Uskayaw.
    40 | D        | Found a shattered altar of Ashenzari.
    46 | D        | Became a worshipper of Makhleb the Destroyer
    99 | D        | Reached * piety under Makhleb
   102 | D        | Reached skill level 1 in Invocations
   102 | D        | Reached XP level 2. HP: 20/26 MP: 1/1
   117 | D        | Reached ** piety under Makhleb
   120 | D        | Reached skill level 6 in Axes
   120 | D        | Reached XP level 3. HP: 19/33 MP: 1/3
   253 | D        | Noticed a necrophage
   253 | D        | Noticed a necrophage
   276 | D        | Killed a necrophage
   276 | D        | Reached *** piety under Makhleb
   276 | D        | Reached skill level 5 in Fighting
   276 | D        | Reached skill level 7 in Axes
   276 | D        | Reached skill level 5 in Dodging
   276 | D        | Reached XP level 4. HP: 29/40 MP: 3/5
   280 | D        | Reached skill level 8 in Axes
   280 | D        | Reached XP level 5. HP: 32/48 MP: 3/6
   285 | D        | Killed a necrophage
   285 | D        | Reached skill level 9 in Axes
   285 | D        | Reached skill level 5 in Armour
   299 | D        | Noticed Terence
   306 | D        | Killed Terence
   306 | D        | Reached **** piety under Makhleb
   306 | D        | Reached XP level 6. HP: 47/56 MP: 5/8
   309 | D        | Reached skill level 5 in Invocations
   331 | D        | Noticed a fire bat
   337 | D        | Killed a fire bat
   337 | D        | Reached skill level 10 in Axes
   341 | D        | Noticed an orange demon
   349 | D        | Killed an orange demon
   349 | D        | Reached skill level 11 in Axes
   349 | D        | Reached XP level 7. HP: 53/69 MP: 10/10
   506 | D        | Noticed Ijyb
   508 | D        | Reached skill level 12 in Axes
   510 | D        | Reached ***** piety under Makhleb
   525 | D        | Killed Ijyb
   552 | D        | Noticed a flying skull
   553 | D        | Noticed a bog body
   559 | D        | Killed a bog body
   560 | D        | Killed a flying skull
   560 | D        | Reached XP level 8. HP: 78/78 MP: 10/12
   724 | D        | Reached skill level 13 in Axes
   743 | D        | Noticed a hippogriff
   754 | D        | Reached ****** piety under Makhleb
   756 | D        | Noticed a two-headed ogre
   761 | D        | Reached skill level 10 in Fighting
   766 | D        | Killed a two-headed ogre
   766 | D        | Reached skill level 14 in Axes
   766 | D        | Reached skill level 10 in Armour
   766 | D        | Reached skill level 10 in Dodging
   766 | D        | Reached XP level 9. HP: 84/84 MP: 12/14
   770 | D        | Reached skill level 15 in Axes
   793 | D        | Noticed an efreet
   797 | D        | Reached skill level 16 in Axes
   801 | D        | Reached skill level 10 in Invocations
   809 | D        | Killed an efreet
   810 | D        | Noticed a hellwing
   810 | D        | Noticed a jumping spider
   822 | D        | Killed a hellwing
   822 | D        | Reached XP level 10. HP: 92/92 MP: 17/17
   890 | D        | Noticed a manticore
   890 | D        | Noticed a phantasmal warrior
   907 | D        | Killed a manticore
   907 | D        | Reached skill level 17 in Axes
   913 | D        | Killed a phantasmal warrior
   945 | D        | Reached skill level 18 in Axes
   999 | D        | Noticed an orc knight
  1003 | D        | HP: 1/94 [orc knight/bolt (18)]
  1004 | D        | Hit by a tomahawk thrown by an orc warrior

Skill      XL: |  1  2  3  4  5  6  7  8  9 10 |
---------------+-------------------------------+-----
Axes           | 4 6 7 8 9 11 12 14 16 18 | 18.0
Armour         | 1 2 4 5 7 8 10 | 10.8
Fighting       | 3 4 5 6 8 9 10 | 10.4
Invocations    | 1 2 3 4 6 7 8 11 12 | 12.5
Dodging        | 4 5 6 8 10 | 10.6
Throwing       | |  2.0

Action                   |  1- 3 |  4- 6 |  7- 9 | 10-12 || total
-------------------------+-------+-------+-------+-------++-------
Melee: War axe           |    17 |       |    60 |    12 ||    89
       Headbutt          |     5 |     7 |    21 |     7 ||    40
       Hand axe          |     8 |    29 |    24 |       ||    61
       Broad axe         |       |       |       |    29 ||    29
Throw: Throwing net      |       |       |       |     1 ||     1
Evoke: Wand              |       |       |       |     4 ||     4
  Use: Potion            |     1 |     1 |     1 |     4 ||     7
  Eat: Chunk             |       |       |       |     1 ||     1
Armor: Leather armour    |    12 |       |       |       ||    12
       Chain mail        |     8 |    12 |     5 |       ||    25
       Skin              |       |       |     2 |       ||     2
       Plate armour      |       |       |    21 |    19 ||    40
Dodge: Dodged            |    25 |    18 |    64 |    40 ||   147
